 Dungeon Crawl Stone Soup version 0.25.0-46-gbd7b0854d2 (webtiles) character file.

Game seed: 14557986559315654875

538 Ethylacetat the Poker (level 7, -5/55 HPs)
             Began as a Demonspawn Gladiator on July 17, 2020.
             Slain by Grinder (6 damage)
             ... on level 4 of the Dungeon.
             The game lasted 00:07:53 (2942 turns).

Ethylacetat the Poker (Demonspawn Gladiator)        Turns: 2942, Time: 00:07:55

Health: -5/55      AC:  3    Str: 16    XL:     7   Next: 5%
Magic:  7/7        EV: 13    Int:  9    God:
Gold:   189        SH:  0    Dex: 21    Spells: 6/6 levels left

rFire    . . .     SeeInvis .   t - +4 whip (venom)
rCold    + . .     Gourm    .   (no shield)
rNeg     . . .     Faith    .   b - +0 leather armour
rPois    .         Spirit   .   (helmet restricted)
rElec    .         Reflect  .   (no cloak)
rCorr    .         Harm     .   (no gloves)
MR       .....                  (no boots)
Stlth    ++........             h - amulet of regeneration
HPRegen  0.58/turn              c - +6 ring of dexterity
MPRegen  0.10/turn              (no ring)

@: no status effects
A: horns 1, cold resistance 1, powered by death 1, sturdy frame 1
a: no special abilities


You were on level 4 of the Dungeon.
You were not hungry.

You visited 1 branch of the dungeon, and saw 4 of its levels.
You also visited: Sewer.

You collected 189 gold pieces.

Inventory:

Hand Weapons
 a - a +0 trident
 t - a +4 whip of venom (weapon)
Missiles
 d - 5 throwing nets (quivered)
Armour
 b - a +0 leather armour (worn)
Jewellery
 c - a +6 ring of dexterity (left hand)
 h - an amulet of regeneration (around neck)
 o - a cursed ring of stealth
Scrolls
 i - a scroll of enchant armour {unknown}
 k - a scroll of blinking {unknown}
 l - 3 scrolls of identify {unknown}
 p - a scroll of magic mapping {unknown}
 q - a scroll of random uselessness {unknown}
 u - a scroll of fog {unknown}
 w - 2 scrolls of remove curse {unknown}
Potions
 e - 2 potions of brilliance {unknown}
 g - 4 potions of heal wounds {unknown}
 j - 6 potions of curing
 m - 6 potions of stabbing {unknown}
 n - 5 potions of might {unknown}
 r - a potion of magic {unknown}
 s - 2 potions of flight {unknown}
Comestibles
 f - 7 rations
 v - 11 chunks of flesh


   Skills:
 + Level 4.7 Fighting
 * Level 6.2 Polearms
 - Level 1.7 Throwing
 - Level 2.6 Dodging


You had 6 spell levels left.
You didn't know any spells.
Your spell library was empty.

Dungeon Overview and Level Annotations

Branches:
Dungeon (4/15)              Sewer (visited)
 Temple: D:4-7

Altars:
Sif Muna

Annotations:
D:4 Grinder


Innate Abilities, Weirdness & Mutations

You have a pair of small horns on your head.
Your flesh is cold resistant. (rC+)
You regenerate a little health from kills.
Your movements are slightly less encumbered by armour. (ER -2)


Message History

Grinder hits you.
Grinder says, "You look like you could use a good racking."
Grinder hits you but does no damage.
You can move again.
You hit Grinder.
Grinder is poisoned.
You headbutt Grinder, but do no damage.
Grinder is almost dead.
Grinder hits you.
You hit Grinder.
Grinder is almost dead.
Grinder gestures at you. Pain shoots through your body!
* * * LOW HITPOINT WARNING * * *
You barely miss Grinder. Your headbutt misses Grinder.
Grinder is almost dead.
Grinder hits you!
* * * LOW HITPOINT WARNING * * *
You writhe in agony.
* * * LOW HITPOINT WARNING * * *
Grinder hits you.
You die...

##########
#.....@5.#
#.######.#
#.# #.#
#.# #.#
#.# #.#
#.#


You could see Grinder (very poisoned).

Vanquished Creatures
  Terence (D:2)
  4 orc wizards (D:3)
  2 worker ants (D:4)
  Robin (D:3)
  4 gnolls (D:4)
  6 adders
  10 river rats (Sewer)
  An ooze (D:1)
  A worm (D:2)
  A dart slug (D:1)
  5 leopard geckos
  8 orcs
  9 giant cockroaches
  19 goblins
  10 hobgoblins
  6 jackals
  3 quokkas
  7 ball pythons
  8 bats
  4 frilled lizards
  24 kobolds
  21 rats
155 creatures vanquished.

Notes
Turn   | Place    | Note
-------+----------+-------------------------------------------
     0 | D:1      | Ethylacetat the Demonspawn Gladiator began the quest for
                  | the Orb.
     0 | D:1      | Reached XP level 1. HP: 16/16 MP: 1/1
    75 | D:1      | Reached skill level 3 in Polearms
   126 | D:1      | Gained mutation: You have a pair of small horns on your
                  | head. [demonic ancestry]
   126 | D:1      | Reached XP level 2. HP: 21/22 MP: 2/2
   571 | D:1      | Gained mutation: Your flesh is cold resistant. (rC+)
                  | [demonic ancestry]
   571 | D:1      | Reached XP level 3. HP: 28/28 MP: 3/3
   727 | D:2      | Noticed Terence
   810 | D:2      | Killed Terence
   810 | D:2      | Reached skill level 4 in Polearms
   810 | D:2      | Gained mutation: Your movements are slightly less
                  | encumbered by armour. (ER -2) [demonic ancestry]
   810 | D:2      | Reached XP level 4. HP: 22/34 MP: 4/4
  1247 | D:3      | Noticed Robin
  1443 | D:3      | Killed Robin
  1443 | D:3      | Gained mutation: You regenerate a little health from kills.
                  | [demonic ancestry]
  1443 | D:3      | Reached XP level 5. HP: 14/41 MP: 5/5
  1481 | D:3      | Found a glowing drain.
  1574 | D:3      | Reached skill level 5 in Polearms
  1595 | Sewer    | Entered a sewer
  1648 | Sewer    | Reached XP level 6. HP: 29/48 MP: 6/6
  2293 | D:3      | Found a shimmering blue altar of Sif Muna.
  2604 | D:4      | Reached skill level 6 in Polearms
  2769 | D:4      | Reached XP level 7. HP: 22/55 MP: 7/7
  2923 | D:4      | Noticed Grinder
  2935 | D:4      | Paralysed by Grinder for 5 turns
  2942 | D:4      | HP: 1/55 [Grinder (6)]
  2942 | D:4      | Slain by Grinder

Illustrated notes

Levels and vault maps discovered:
D:1:      heliophobic_arrival_dark_side_of_the_moon, layout_rooms,
          minmay_pentomino_s4
D:2:      layout_basic, st_stairs_1, uniq_terence
D:3:      layout_rooms, gup_sewer_entry_glass, led_sif_book, uniq_robin
D:4:      layout_basic, first_ration, gammafunk_ghost_stat_death,
          minmay_circle_x, uniq_grinder

Skill      XL: |  1  2  3  4  5  6 |
---------------+-------------------+-----
Polearms       | 3 4 5 6 |  6.2
Fighting       | 3 4 |  4.7
Throwing       | |  1.7
Dodging        | |  2.6

Action                   |  1- 3 |  4- 6 |  7- 9 || total
-------------------------+-------+-------+-------++-------
Melee: Trident           |    98 |   179 |       ||   277
       Headbutt          |    15 |    64 |     8 ||    87
       Whip              |       |   100 |    26 ||   126
  Use: Potion            |       |     1 |       ||     1
 Stab: Sleeping          |     1 |     5 |       ||     6
       Distracted        |     1 |       |       ||     1
  Eat: Chunk             |       |     7 |       ||     7
Armor: Leather armour    |    31 |    50 |     2 ||    83
Dodge: Dodged            |    55 |   227 |    11 ||   293
